 Dungeon Crawl Stone Soup version 0.29-a0-553-g81b289dbe5 (webtiles) character file.

Game seed: 7275750072725323603

1448 Querens the Blocker (level 9, 0/71 HPs)
             Began as a Formicid Fighter on June 6, 2022.
             Was an Initiate of Okawaru.
             Slain by a komodo dragon (24 damage)
             ... on level 7 of the Dungeon.
             The game lasted 00:15:32 (3987 turns).

Querens the Blocker (Formicid Fighter)              Turns: 3987, Time: 00:15:32

Health: 0/71       AC: 11    Str: 26    XL:     9   Next: 4%
Magic:  9/9        EV:  8    Int:  7    God:    Okawaru [......]
Gold:   393        SH:  5    Dex: 10    Spells: 8/8 levels left

rFire   . . .      SeeInvis +   r - +1 hand axe (vorpal)
rCold   . . .      Faith    .   c - +0 buckler
rNeg    . . .      Spirit   .   k - +0 chain mail
rPois   +          Reflect  .   (helmet unavailable)
rElec   .          Harm     .   y - +0 cloak {rPois}
rCorr   .          Rampage  .   (no gloves)
Will    .....                   (no boots)
Stlth   ..........              z - amulet of regeneration
HPRegen 1.01/turn               (no ring)
MPRegen 0.11/turn               (no ring)

@: no status effects
A: permanent stasis, dig shafts and tunnels, antennae 3, four strong arms
a: Dig, Shaft Self, Renounce Religion


You were on level 7 of the Dungeon.
You worshipped Okawaru.
Okawaru was noncommittal.
You visited 2 branches of the dungeon, and saw 8 of its levels.

You collected 393 gold pieces.

Inventory:

Hand Weapons
 a - a +0 war axe
 r - a +1 vorpal hand axe (weapon)
Missiles
 B - a curare-tipped dart
Armour
 c - a +0 buckler (worn)
 k - a +0 chain mail (worn)
 m - a +2 leather armour of cold resistance
 y - a +0 cloak of poison resistance (worn)
Jewellery
 p - the macabre finger necklace {rN+}
   (You found it on level 3 of the Dungeon)

   [amulet of nothing]

   It enables you to equip an extra ring.
   rN:        It protects you from negative energy.
 s - a ring of resist corrosion
 z - an amulet of regeneration (around neck)
Scrolls
 b - a scroll of summoning {unknown}
 f - a scroll of torment {unknown}
 g - a scroll of enchant weapon {unknown}
 h - 3 scrolls of teleportation {unknown}
 i - 2 scrolls of magic mapping {unknown}
 j - 6 scrolls of identify {unknown}
 o - 2 scrolls of blinking {unknown}
 q - 4 scrolls of poison {unknown}
 t - 2 scrolls of fear {unknown}
 u - a scroll of fog {unknown}
 x - a scroll of enchant armour {unknown}
 A - a scroll of acquirement {unknown}
 C - a scroll of amnesia {unknown}
 D - a scroll of noise {unknown}
Potions
 d - 2 potions of might
 e - 4 potions of curing
 l - 2 potions of attraction {unknown}
 n - 2 potions of lignification {unknown}
 v - 2 potions of resistance {unknown}
 w - a potion of berserk rage {unknown}


   Skills:
 + Level 6.6 Fighting
 + Level 5.5 Axes
 + Level 6.6 Armour
 + Level 8.0 Shields


You had 8 spell levels left.
You didn't know any spells.
Your spell library contained the following spells:

 Spells                   Type           Power      Damage    Failure   Level
 Shock                    Conj/Air       0%         1d3       97%         1
 Poisonous Vapours        Pois/Air       0%         N/A       99%         2
 Airstrike                Air            0%         N/A       100%        4
 Corpse Rot               Necr/Pois/Air  0%         N/A       100%        4
 Swiftness                Air            Unusable   N/A       N/A         3

Dungeon Overview and Level Annotations

Branches:
Dungeon (7/15)             Temple (1/1) D:6

Altars:
Ashenzari
Cheibriados
Dithmenos
Elyvilon
Fedhas
Gozag
Hepliaklqana
Kikubaaqudgha
Makhleb
Nemelex Xobeh
Okawaru
Qazlal
Ru
Sif Muna
Trog
Uskayaw
Vehumet
Wu Jian
Xom
Yredelemnul
Zin
The Shining One

Shops:
D:3 =


Innate Abilities, Weirdness & Mutations

You cannot be hasted, slowed, berserked, paralysed or teleported.
You can dig through walls and to a lower floor.
You have a pair of large antennae on your head. (SInv)
Your four strong arms can wield two-handed weapons with a shield.


Message History

There is an open door here.
You open the door.
Found a stone staircase leading down.
There is an open door here.
Found a runed mace.
Found 20 gold pieces.
You now have 393 gold pieces (gained 20).
You see here a +2 mace of protection.
A komodo dragon comes into view.
The komodo dragon hisses angrily.
You aren't carrying any items that you can evoke.
You barely miss the komodo dragon. The komodo dragon bites you!
You barely miss the komodo dragon. The komodo dragon bites you!!
You are too injured to fight recklessly!
You are too injured to fight recklessly!
The komodo dragon attacks as you move away!
The komodo dragon bites you!
The komodo dragon attacks as you move away!
You block the komodo dragon's attack.
The komodo dragon attacks as you move away!
The komodo dragon completely misses you.
There is an open door here.
The komodo dragon attacks as you move away!
The komodo dragon bites you but does no damage.
The komodo dragon attacks as you move away!
The komodo dragon completely misses you.
The komodo dragon attacks as you move away!
The komodo dragon bites you but does no damage.
The komodo dragon attacks as you move away!
You block the komodo dragon's attack.
The komodo dragon attacks as you move away!
The komodo dragon barely misses you.
There is an open door here.
The komodo dragon attacks as you move away!
The komodo dragon bites you!!
The komodo dragon attacks as you move away!
The komodo dragon bites you!
* * * LOW HITPOINT WARNING * * *
You feel better. The komodo dragon bites you!!
You die...

#.#############
#.#.# #.# #.#.# #.#
#...# ###.#######
#...# #.........# #.
#...# #.........#
#.##.#.###.........#
#....#..##l........#
#.......@##'#######
#........##.#
+........##.#
#........##.#
#........##.#
######.####.# #.##
#.# #####..###.#
#........#.#


You could see a komodo dragon.

Vanquished Creatures
  2 sky beasts
  A black bear (D:6)
  An ice beast (D:6)
  An ogre (D:5)
  A centaur (D:6)
  A kobold brigand (D:6)
  4 scorpions
  A necrophage (D:5)
  3 hounds
  2 orc priests
  Crazy Yiuf (D:5)
  A gnoll shaman (D:6)
  2 iguanas (D:5)
  2 orc wizards
  8 adders
  7 gnolls
  2 shadow imps (D:6)
  2 worms
  4 dart slugs
  20 orcs
  4 endoplasms
  6 goblins
  5 hobgoblins
  5 quokkas
  7 ball pythons
  3 bats
  3 frilled lizards (D:2)
  7 kobolds
  2 rats
108 creatures vanquished.

Vanquished Creatures (others)
  2 plants (Temple)
2 creatures vanquished.

Grand Total: 110 creatures vanquished

Notes
Turn   | Place    | Note
-------+----------+-------------------------------------------
     0 | D:1      | Querens the Formicid Fighter began the quest for the Orb.
     0 | D:1      | Reached XP level 1. HP: 18/18 MP: 1/1
   115 | D:1      | Reached XP level 2. HP: 20/24 MP: 2/2
   665 | D:2      | Found a faded altar of an unknown god.
   791 | D:2      | Reached XP level 3. HP: 23/29 MP: 3/3
  1015 | D:2      | Reached XP level 4. HP: 24/37 MP: 4/4
  1244 | D:3      | Found Yzokkepe's Jewellery Shop.
  1312 | D:3      | Found the macabre finger necklace {rN+}
  1331 | D:3      | Found a broken altar of Ashenzari.
  1445 | D:3      | Reached XP level 5. HP: 23/42 MP: 5/5
  1487 | D:3      | Reached skill level 5 in Shields
  1676 | D:3      | HP: 1/42 [scorpion (3)]
  1776 | D:4      | Reached XP level 6. HP: 26/49 MP: 6/6
  2290 | D:5      | Entered Level 5 of the Dungeon
  2348 | D:5      | Reached XP level 7. HP: 39/55 MP: 7/7
  2355 | D:5      | Reached skill level 6 in Shields
  2443 | D:5      | Reached skill level 5 in Fighting
  2443 | D:5      | Reached skill level 5 in Armour
  2511 | D:5      | Found a runed translucent door.
  2512 | D:5      | Noticed Crazy Yiuf
  2519 | D:5      | Killed Crazy Yiuf
  3001 | D:5      | Reached XP level 8. HP: 37/63 MP: 8/8
  3129 | D:6      | Reached skill level 7 in Shields
  3154 | D:6      | Found a staircase to the Ecumenical Temple.
  3199 | D:6      | Reached skill level 5 in Axes
  3219 | Temple   | Entered the Ecumenical Temple
  3269 | Temple   | Became a worshipper of Warmaster Okawaru
  3861 | D:7      | Reached skill level 8 in Shields
  3861 | D:7      | Reached XP level 9. HP: 67/71 MP: 9/9
  3954 | D:7      | Noticed a komodo dragon
  3987 | D:7      | Slain by a komodo dragon

Illustrated notes

Levels and vault maps discovered:
D:1:      minmay_arrival_shoal_huts, layout_basic
D:2:      layout_basic, dreamdust_ecumenical_altar_hidden_monk_grotto,
          minmay_misc_feat_roman
D:3:      layout_rooms, cheibrodos_ashenzari_chains, serial_shops,
          nicolae_shop_statue_plus
D:4:      layout_basic
D:5:      layout_basic, serial_glass, glass_columns_a, glass_columns_a,
          glass_columns_c, item_on_display_a, uniq_crazy_yiuf_cottage
D:6:      layout_basic, minmay_temple_entry_wispy
D:7:      layout_basic
Temple:   kilobyte_greek_temple

Skill      XL: |  1  2  3  4  5  6  7  8 |
---------------+-------------------------+-----
Fighting       | 4 5 6 |  6.6
Armour         | 4 5 6 |  6.6
Shields        | 5 6 8 |  8.0
Axes           | 3 4 5 |  5.5

Action                   |  1- 3 |  4- 6 |  7- 9 || total
-------------------------+-------+-------+-------++-------
Melee: War axe           |    87 |    71 |       ||   158
       Hand axe          |       |    68 |   191 ||   259
 Abil: Dig               |       |       |     1 ||     1
  Use: Potion            |       |     2 |     3 ||     5
Armor: Scale mail        |    22 |       |       ||    22
       Chain mail        |    24 |    79 |    90 ||   193
Dodge: Dodged            |    30 |    44 |    92 ||   166
Block: Buckler           |    24 |    31 |    53 ||   108

Table legend: (Time is in decaauts)
 A = Elapsed time spent in this place.
 B = Non-inter-level travel time spent in this place.
 C = Inter-level travel time spent in this place.
 D = Time resting spent in this place.
 E = Time spent auto-exploring this place.
 F = Levels seen in this place.
 G = Mean time per level.
                   A        B        C        D        E       F      G
               +--------+--------+--------+--------+--------+-----+--------+
         Total |   4090 |   3812 |    278 |      4 |      0 |   8 |  511.2 |
       Dungeon |   4009 |   3760 |    249 |      4 |      0 |   7 |  572.7 |
        Temple |     81 |     52 |     29 |      0 |      0 |   1 |   81.0 |
               +--------+--------+--------+--------+--------+-----+--------+

Top non-repeatable levels by time:
     D:6: 755 daAuts
     D:5: 731 daAuts
     D:2: 657 daAuts
     D:4: 592 daAuts
     D:1: 566 daAuts
     D:3: 557 daAuts
     D:7: 149 daAuts
  Temple: 81 daAuts
